 Dungeon Crawl Stone Soup version 0.31-b1-20-g67cafac56d (webtiles) character file.

Game seed: 1257967243266227648

19 Ninjinzu the Trooper (level 2, -13/24 HPs)
             Began as a Demonspawn Berserker on Jan 18, 2024.
             Was a Follower of Trog.
             Mangled by a kobold
             ... wielding a +0 short sword of electrocution
              (20 damage)
             ... on level 2 of the Dungeon.
             The game lasted 00:02:26 (918 turns).

Ninjinzu the Trooper (Demonspawn Berserker)          Turns: 918, Time: 00:02:26

Health: -13/24     AC:  4    Str: 17    XL:     2   Next: 55%
Magic:  2/2        EV: 12    Int:  7    God:    Trog [*.....]
Gold:   100        SH:  0    Dex: 12    Spells: 1/1 levels left

rFire   . . .        a - +0 falchion
rCold   . . .        (no shield)
rNeg    . . .        b - +0 animal skin
rPois   .            (no helmet)
rElec   .            (no cloak)
rCorr   .            (no gloves)
SInv    .            (no boots)
Will    .....        (no amulet)
Stlth   +            (no ring)
HPRegen 0.24/turn    (no ring)
MPRegen 0.08/turn

%: no passive effects
@: no status effects
A: slimy green scales 1
a: Renounce Religion, Berserk


You were on level 2 of the Dungeon.
You worshipped Trog.
Trog was aware of your devotion.
You visited 1 branch of the dungeon, and saw 2 of its levels.

You collected 100 gold pieces.

Inventory:

Hand Weapons
 a - a +0 falchion (weapon)
Missiles
 i - a throwing net (quivered)
Armour
 b - a +0 animal skin (worn)
Talismans
 e - a blade talisman
Scrolls
 d - a scroll of silence {unknown}
 f - a scroll of vulnerability {unknown}
 g - a scroll of revelation {unknown}
 h - 2 scrolls of identify {unknown}
 j - a scroll of fear {unknown}
 k - a scroll of teleportation {unknown}
Potions
 c - a potion of resistance {unknown}


   Skills:
 + Level 3.2 Fighting
 + Level 3.1 Long Blades
 + Level 1.9 Armour
 + Level 2.0 Dodging


You had one spell level left.
You didn't know any spells.
Your spell library was empty.

Dungeon Overview and Level Annotations

Branches:
Dungeon (2/15)

Altars:


Innate Abilities, Weirdness & Mutations

You are partially covered in slimy green scales. (AC +2)


Message History

An endoplasm is nearby!
A frilled lizard comes into view.
Found a stone staircase leading down.
The endoplasm barely misses you.
A kobold comes into view.
It is wielding a +0 short sword of electrocution.
The kobold shouts!
You hear a shout!
The endoplasm freezes you.
You are frozen.
The endoplasm freezes you.
You are frozen.
You barely miss the endoplasm. The endoplasm freezes you.
You are frozen.
You barely miss the endoplasm. The endoplasm freezes you.
You are frozen.
The kobold throws a stone.
The stone barely misses you.
You hit the endoplasm.
You kill the endoplasm!
Trog accepts your kill.
The kobold throws a stone.
The stone hits you.
You miss the frilled lizard.
The frilled lizard bites you but does no damage.
You miss the frilled lizard.
The frilled lizard barely misses you. x2
You hit the frilled lizard but do no damage.
The frilled lizard closely misses you.
You closely miss the frilled lizard.
The frilled lizard bites you but does no damage.
You hit the frilled lizard.
You kill the frilled lizard!
Trog accepts your kill.
The kobold throws a stone.
The stone hits you but does no damage.
The kobold hits you with a +0 short sword of electrocution.
You hit the kobold.
The kobold is severely wounded.
The kobold hits you with a +0 short sword of electrocution.
* * * LOW HITPOINT WARNING * * *
You hit the kobold but do no damage.
The kobold is severely wounded.
The kobold hits you but does no damage.
You are electrocuted!!
Ouch! That really hurt!
You die...

#.........
#.........
#.........
#########......>..
#.......#.........
#.......#.........
#.......#....:....
#.......#.........
#.......@K..######
#....!..#####
##.###### #.#
#.#### #....#
####.### #...#
###.#


You could see a kobold.

Vanquished Creatures
  A dart slug (D:1)
  3 endoplasms
  A giant cockroach (D:1)
  A quokka (D:1)
  A ball python (D:1)
  A bat (D:1)
  2 frilled lizards
  4 kobolds (D:1)
  4 rats
18 creatures vanquished.

Notes
Turn   | Place    | Note
-------+----------+-------------------------------------------
     0 | D:1      | Ninjinzu the Demonspawn Berserker began the quest for the
                  | Orb.
     0 | D:1      | Reached XP level 1. HP: 18/18 MP: 1/1
   271 | D:1      | Gained mutation: You are partially covered in slimy green
                  | scales. (AC +2) [demonic ancestry]
   271 | D:1      | Reached XP level 2. HP: 24/24 MP: 2/2
   621 | D:1      | Noticed a centaur
   918 | D:2      | Mangled by a kobold

Illustrated notes

Levels and vault maps discovered:
D:1:      evilmike_arrival_come_back, layout_loops_cross
D:2:      layout_basic, hex_intersection

Skill      XL: |  1  2 |
---------------+-------+-----
Long Blades    | 3 |  3.1
Dodging        | 2 |  2.0
Fighting       | |  3.2
Armour         | |  1.9

Action                     || total
---------------------------++-------
  Melee: Falchion          ||    59
   Stab: Sleeping          ||     1
 Armour: Animal skin       ||    43
  Dodge: Dodged            ||    49
